 Dungeon Crawl Stone Soup version 0.21-a0-223-g812f45e (webtiles) character file.

5607 Petr1 the Cleaver (level 10, -1/91 HPs)
             Began as a Minotaur Berserker on Aug 26, 2017.
             Was a High Priest of Trog.
             Slain by a skeletal warrior
             ... wielding a +0 scimitar
             ... led by a skeletal warrior
              (7 damage)
             ... on level 10 of the Dungeon on Aug 27, 2017.
             The game lasted 01:26:26 (6918 turns).

Petr1 the Cleaver (Minotaur Berserker)              Turns: 6918, Time: 01:26:27

Health: -1/91      AC: 16    Str: 27 (30) XL:     10   Next: 45%
Magic:  8/9        EV:  8    Int:  1 (4)  God:    Trog [*****.]
Gold:   399        SH:  4    Dex:  5 (10) Spells: 9/9 levels left

rFire    . . .     SeeInvis .   F - +0 war axe (flame)
rCold    . . .     Gourm    .   (no shield)
rNeg     . . .     Faith    .   N - +0 plate armour
rPois    +         Spirit   .   (helmet restricted)
rElec    .         Reflect  .   (no cloak)
rCorr    .         Harm     .   M - +0 pair of gloves
MR       .....     Clarity  +   (no boots)
Stlth    ..........             (no amulet)
HPRegen  0.25/turn              E - ring of poison resistance
MPRegen  0.11/turn              L - ring of stealth

@: mighty, very slightly contaminated, invisible
A: retaliatory headbutt, horns 2, large bone plates 1, clarity
a: Berserk, Trog's Hand, Brothers in Arms, Burn Spellbooks, Renounce Religion


You were on level 10 of the Dungeon.
You worshipped Trog.
Trog was extremely pleased with you.
You were not hungry.

You visited 1 branch of the dungeon, and saw 10 of its levels.

You collected 399 gold pieces.

Inventory:

Hand Weapons
 g - a +0 shortbow
 q - a +0 shortbow
 t - a +0 hand crossbow
 w - a cursed -3 hunting sling
 F - a +0 war axe of flaming (weapon)
 K - a +0 long sword
Missiles
 a - a throwing net
 b - 36 bolts
 f - 16 sling bullets (quivered)
 l - 82 arrows
Armour
 J - a +0 scale mail
 M - a +0 pair of gloves (worn)
 N - a +0 plate armour (worn)
 P - a +0 plate armour
Jewellery
 E - a ring of poison resistance (left hand)
 L - a ring of stealth (right hand)
Wands
 c - a wand of lightning (6/15)
 e - a wand of iceblast (9/15)
 h - a wand of enslavement (16/24)
 y - a wand of iceblast (1/15)
 O - a wand of digging (11/24)
Scrolls
 j - 4 scrolls of blinking {unknown}
 k - a scroll of teleportation {unknown}
 m - a scroll of fog {unknown}
 p - 2 scrolls of recharging {unknown}
 v - 5 scrolls of identify {unknown}
 A - 2 scrolls of amnesia {unknown}
 B - 2 scrolls of enchant armour {unknown}
 C - a scroll of remove curse {unknown}
 D - 4 scrolls of noise {unknown}
Potions
 r - 3 potions of mutation
 x - 3 potions of curing {unknown}
 G - a potion of brilliance {unknown}
 I - a potion of magic {unknown}
 Q - a potion of flight {unknown}
Comestibles
 d - 9 royal jellies
 n - a bread ration
 H - 7 fruits
 T - 2 meat rations


   Skills:
 + Level 9.4 Fighting
 + Level 10.8(11.5) Axes
   Level 6.7(9.7) Maces & Flails
 + Level 10.5 Armour
 + Level 4.3 Dodging
 + Level 0.6 Stealth


You had 9 spell levels left.
You didn't know any spells.

Dungeon Overview and Level Annotations

Branches:
Dungeon (10/15)               Orc (0/2) D:9
 Temple: D:4-7         Lair: D:8-11

Altars:
Fedhas
Hepliaklqana
Kikubaaqudgha
Makhleb
Xom
The Shining One

Shops:
D:9 (

Annotations:
D:3 Nausicaa's ghost, weakling VSMo
D:10 exclusion: obsidian statue


Innate Abilities, Weirdness & Mutations

You reflexively headbutt those who attack you in melee.
You have a pair of horns on your head.
You are partially covered in large bone plates. (SH +4)
You possess an exceptional clarity of mind.


Message History

The skeletal warrior hits you from afar with a trident!
* * * LOW HITPOINT WARNING * * *
It was a potion of might.
You feel very mighty all of a sudden. The skeletal warrior barely misses you.
The skeletal warrior hits you with a scimitar!
* * * LOW HITPOINT WARNING * * *
The skeletal warrior completely misses you.
It was a potion of mutation.
You feel extremely strange.
Your thoughts seem clearer.
You feel less energetic.
You feel more energetic.
Large bone plates grow over parts of your arms.
The skeletal warrior barely misses you. x2; You furiously retaliate!
You headbutt the skeletal warrior!
It was a potion of invisibility.
You fade into invisibility!
The skeletal warrior barely misses you.
You block the skeletal warrior's attack.
You are very lightly contaminated with residual magic.
The skeletal warrior hits you with a scimitar!
You die...

######### ############........
####### #.........##........
#.....# #####.........#.........
#.....###...'.........#.........
#.....#...###.........#.........
#.....'.### #...@(...zz.........
#.....### #...(z....##........
#.....# #.....zz..##......!.
#.....# #.........##........
#.....# #.........#####+####
##'#### #####+##### #..#
###.#### #......#


You could see 5 skeletal warriors.

Vanquished Creatures
  A two-headed ogre (D:9)
  A troll (D:9)
  2 hornets (D:8)
  3 hippogriffs (D:9)
  A shadow (D:10)
  4 yaks (D:8)
  A wraith (D:8)
  3 hungry ghosts (D:9)
  Menkaure (D:6)
  A soldier ant (D:8)
  2 ice beasts
  2 orc warriors (D:6)
  2 sky beasts
  A black bear (D:9)
  3 centaurs
  A bullfrog (D:8)
  A troll zombie (D:9)
  A scorpion (D:10)
  2 howler monkeys (D:8)
  3 crimson imps
  2 bullfrog zombies
  3 quasits
  A centaur skeleton (D:9)
  3 bullfrog skeletons
  6 hounds
  3 orc priests
  3 iguanas
  3 orc wizards
  4 worker ants
  4 ogre zombies (D:9)
  A hound skeleton (D:5)
  A worker ant zombie (D:4)
  3 gnolls (D:5)
  7 adders
  2 oozes
  An adder skeleton (D:7)
  2 worms (D:2)
  3 dart slugs
  6 leopard geckos
  23 orcs
  4 bats
  4 giant cockroaches
  5 goblins
  8 hobgoblins
  5 jackals
  12 kobolds
  4 quokkas
  2 ball pythons
  2 frilled lizards
  2 goblin skeletons (D:9)
  A goblin zombie (D:9)
  3 hobgoblin zombies (D:9)
  11 orc zombies (D:9)
  A quokka skeleton (D:7)
  A quokka zombie (D:7)
  5 rats
  A plant (D:4)
188 creatures vanquished.

Vanquished Creatures (others)
  A fungus (D:9)
  3 plants (D:9)
4 creatures vanquished.

Grand Total: 192 creatures vanquished

Notes
Turn   | Place    | Note
-------+----------+-------------------------------------------
     0 | D:1      | Petr1 the Minotaur Berserker began the quest for the Orb.
     0 | D:1      | Reached XP level 1. HP: 19/19 MP: 0/0
   127 | D:1      | Reached XP level 2. HP: 27/27 MP: 1/1
   519 | D:1      | Reached XP level 3. HP: 33/33 MP: 2/2
   814 | D:2      | Reached ** piety under Trog
  1011 | D:2      | Reached skill level 1 in Maces & Flails
  1096 | D:2      | Found a glowing golden altar of the Shining One.
  1137 | D:2      | Found an ancient bone altar of Kikubaaqudgha.
  1244 | D:3      | Noticed Nausicaa's ghost (weakling VSMo)
  1512 | D:3      | Reached XP level 4. HP: 40/40 MP: 3/3
  2127 | D:4      | Reached XP level 5. HP: 25/47 MP: 4/4
  2656 | D:4      | Found a burning altar of Makhleb.
  2678 | D:4      | Reached XP level 6. HP: 39/55 MP: 5/5
  2790 | D:5      | Entered Level 5 of the Dungeon
  2835 | D:5      | Reached skill level 5 in Fighting
  3040 | D:5      | Reached *** piety under Trog
  3334 | D:5      | Reached skill level 5 in Armour
  3516 | D:5      | Found a shimmering altar of Xom.
  3552 | D:5      | Noticed a sky beast
  3558 | D:5      | Killed a sky beast
  3558 | D:5      | Reached skill level 5 in Maces & Flails
  3558 | D:5      | Reached XP level 7. HP: 61/61 MP: 6/6
  3559 | D:5      | Found a blossoming altar of Fedhas.
  3603 | D:6      | Found a hazy altar of Hepliaklqana.
  4098 | D:6      | Noticed Menkaure
  4101 | D:6      | Killed Menkaure
  4101 | D:6      | Reached XP level 8. HP: 70/70 MP: 7/7
  4608 | D:7      | Reached skill level 5 in Axes
  4730 | D:8      | Reached **** piety under Trog
  5048 | D:8      | Found a hazy altar of Hepliaklqana.
  5121 | D:8      | Noticed a hornet
  5130 | D:8      | Killed a hornet
  5130 | D:8      | Reached XP level 9. HP: 50/79 MP: 8/8
  5577 | D:9      | Found Lehimine's Weapon Shop.
  5647 | D:9      | Upgraded the game from 0.21-a0-221-gfe971b9 to 0.21-a0-223-g812f45e
  5674 | D:9      | Found a staircase to the Orcish Mines.
  5698 | D:9      | Paralysed by fainting for 10 turns
  5783 | D:9      | Reached ***** piety under Trog
  5902 | D:9      | Noticed a two-headed ogre
  5910 | D:9      | Killed a two-headed ogre
  5910 | D:9      | Reached skill level 10 in Armour
  5910 | D:9      | Reached XP level 10. HP: 90/90 MP: 9/9
  6036 | D:9      | Reached skill level 10 in Axes
  6392 | D:10     | Entered Level 10 of the Dungeon
  6451 | D:10     | Noticed an obsidian statue
  6572 | D:10     | Noticed a cyclops
  6893 | D:10     | Noticed a skeletal warrior
  6894 | D:10     | Noticed a skeletal warrior
  6900 | D:10     | Noticed a skeletal warrior
  6901 | D:10     | Noticed a skeletal warrior
  6908 | D:10     | Noticed a skeletal warrior
  6912 | D:10     | Gained mutation: You possess an exceptional clarity of mind. [potion of mutation]
  6912 | D:10     | Gained mutation: Your magical capacity is low. (-10% MP) [potion of mutation]
  6912 | D:10     | Lost mutation: Your magical capacity is low. (-10% MP) [potion of mutation]
  6912 | D:10     | Gained mutation: You are partially covered in large bone plates. (SH +4) [potion of mutation]
  6918 | D:10     | Slain by a skeletal warrior

Vault maps used:
D:1:      dpeg_arrival_windows_large_door
D:2:      tso_metal_star, lemuel_round_altar, first_bread
D:3:      portal_sewer_entry_f, corexii_corridor_pit, wad_rectangle_vault
D:4:      cheibrodos_old_hovel, marbit_many_paths, makhleb_heckhound_becter,
          gammafunk_temple_overflow_pools, eino_curves_03
D:5:      corexii_shantytown, nicolae_overflow_crystal_walls, temple_green,
          serial_shops, shop_fountains, hangedman_abyss_or_decor_stagger,
          fedhas_bush_and_centaur_altar
D:6:      lemuel_coloured_pillars_altar, kennysheep_nub,
          uniq_crazy_yiuf_cottage, uniq_menkaure
D:7:      solitary_fountain, kennysheep_dice
D:8:      basic_altar, hangedman_pestilent_swarm, minmay_misc_feat_x
D:9:      david_lair_generic, zombieorc1_lemuel, serial_shops, shop_coins
D:10:     minivault_16

Skill      XL: |  1  2  3  4  5  6  7  8  9 10 |
---------------+-------------------------------+-----
Fighting       | 4 5 6 7 8 9 |  9.4
Axes           | 4 7 9 10 | 10.8
Armour         | 3 4 5 6 8 10 | 10.5
Maces & Flails | 1 3 4 5 6 |  6.7
Dodging        | 3 4 |  4.3
Stealth        | |  0.6

Action                   |  1- 3 |  4- 6 |  7- 9 | 10-12 || total
-------------------------+-------+-------+-------+-------++-------
Melee: Mace              |    72 |   194 |    32 |       ||   298
       Hand axe          |     3 |       |       |       ||     3
       Headbutt          |    12 |    35 |    52 |    17 ||   116
       War axe           |       |       |   210 |    61 ||   271
Invok: Trog's Hand       |       |     1 |       |       ||     1
       Berserk           |       |       |     1 |       ||     1
Evoke: Wand              |       |       |       |     2 ||     2
  Use: Potion            |       |     1 |     1 |     4 ||     6
       Scroll            |       |     1 |       |       ||     1
  Eat: Chunk             |     2 |     1 |     1 |     1 ||     5
       Meat ration       |       |     1 |       |       ||     1
       Fruit             |       |     1 |     5 |       ||     6
       Royal jelly       |       |       |     1 |     1 ||     2
       Bread ration      |       |       |     2 |       ||     2
Armor: Leather armour    |    13 |     5 |       |       ||    18
       Scale mail        |       |   105 |     2 |       ||   107
       Plate armour      |       |       |   154 |    59 ||   213
Dodge: Dodged            |    59 |   116 |   100 |    40 ||   315
Block: Other             |       |       |       |     1 ||     1

Table legend:
 A = Spawn XP
 B = Non-spawn XP
 C = Spawn XP percentage of total XP
 D = Spawn monster count
 E = Non-spawn monster count
 F = Spawn count percentage of total count
 G = Total turns spent on level
                    A         B        C        D         E        F      G
               +---------+---------+-------+---------+---------+-------+---------
         Total |     302 |    7708 |   3.8 |      15 |     172 |   8.0 |  6918
               +---------+---------+-------+---------+---------+-------+---------
           D:1 |       2 |      42 |   4.5 |       1 |      20 |   4.8 |   584
           D:2 |      17 |      34 |  33.3 |       5 |      11 |  31.2 |   900
           D:3 |       0 |      36 |   0.0 |       0 |      12 |   0.0 |   546
           D:4 |       0 |     281 |   0.0 |       0 |      15 |   0.0 |   760
           D:5 |       0 |     425 |   0.0 |       0 |      24 |   0.0 |   774
           D:6 |     145 |     648 |  18.3 |       5 |      15 |  25.0 |   668
           D:7 |       0 |     340 |   0.0 |       0 |      12 |   0.0 |   428
           D:8 |       3 |    2033 |   0.1 |       1 |      14 |   6.7 |   917
           D:9 |      90 |    3136 |   2.8 |       2 |      38 |   5.0 |   815
          D:10 |      45 |     733 |   5.8 |       1 |      11 |   8.3 |   526
               +---------+---------+-------+---------+---------+-------+---------
